 Dungeon Crawl Stone Soup version 0.24.0-123-gd5b16e6ec5 (webtiles) character file.

Game seed: 308471230241442833, levelgen mode: deterministic

53 vurker the Shield-Bearer (level 3, -1/20 HPs)
             Began as a Vine Stalker Fighter on Dec 18, 2019.
             Succumbed to a worker ant's poison
             ... on level 2 of the Dungeon.
             The game lasted 00:03:16 (1636 turns).

vurker the Shield-Bearer (Vine Stalker Fighter)     Turns: 1636, Time: 00:03:17

Health: -1/20      AC:  8    Str: 19    XL:     3   Next: 89%
Magic:  4/4        EV:  4    Int:  8    God:
Gold:   90         SH:  9    Dex: 13    Spells: 2/2 levels left

rFire    . . .     SeeInvis .   g - +0 dagger
rCold    . . .     Gourm    .   c - +0 shield
rNeg     . . .     Faith    .   n - +0 chain mail
rPois    .         Spirit   +   (no helmet)
rElec    .         Reflect  .   (no cloak)
rCorr    .         Harm     .   (no gloves)
MR       .....                  (no boots)
Stlth    ..........             (no amulet)
HPRegen  0.06/turn              (no ring)
MPRegen  0.09/turn              (no ring)

@: lethally poisoned (-1 -> -14), berserk cooldown, slowed, very slow
A: fangs 2, magic shield, antimagic bite, no potion heal 3, rot immunity
a: no special abilities


You were on level 2 of the Dungeon.
You were not hungry.

You visited 1 branch of the dungeon, and saw 2 of its levels.

You collected 90 gold pieces.

Inventory:

Hand Weapons
 g - a +0 dagger (weapon)
   (You found it on level 1 of the Dungeon)
Missiles
 m - 2 throwing nets (quivered)
Armour
 c - a +0 shield (worn)
 n - a +0 chain mail (worn)
   (You found it on level 2 of the Dungeon)
Scrolls
 a - 2 scrolls of teleportation {unknown}
 j - 2 scrolls of fog {unknown}
 l - a scroll of enchant weapon {unknown}
Potions
 d - 2 potions of might
 f - 2 potions of berserk rage
 h - a potion of haste {unknown}
 i - a potion of heal wounds {unknown}
 k - a potion of magic
Comestibles
 e - 2 rations


   Skills:
 + Level 3.1 Fighting
 * Level 2.9 Short Blades
 - Level 2.4 Armour
 + Level 3.1 Shields


You had 2 spell levels left.
You didn't know any spells.
Your spell library was empty.

Dungeon Overview and Level Annotations

Branches:
Dungeon (2/15)

Altars:


Innate Abilities, Weirdness & Mutations

You have extremely sharp teeth.
When hurt, damage is shared between your health and your magic reserves.
Your bite disrupts and absorbs the magic of your enemies.
Potions cannot restore your health.
You are immune to rotting.


Message History

You bite the worker ant, but do no damage.
You block the worker ant's attack.
You hit the worker ant but do no damage.
Your bite misses the worker ant.
The worker ant bites you but does no damage.
The worker ant bites you.
You barely miss the worker ant. The worker ant bites you.
You are poisoned.
The worker ant poisons you!
You hit the worker ant but do no damage.
Your bite misses the worker ant.
You feel sick.
The worker ant bites you but does no damage.
You closely miss the worker ant.
* * * LOW HITPOINT WARNING * * *
You feel sick.
The worker ant waves its antennae.
The worker ant bites you.
* * * LOW HITPOINT WARNING * * *
You closely miss the worker ant.
* * * LOW HITPOINT WARNING * * *
You feel sick. You block the worker ant's attack.
You hit the worker ant but do no damage.
You block the worker ant's attack.
It was a potion of berserk rage.
A red film seems to cover your vision as you go berserk!
You feel yourself moving faster!
You feel mighty!
You feel sick. The worker ant bites you.
* * * LOW HITPOINT WARNING * * *
You are lethally poisoned!
The worker ant poisons you! The worker ant completely misses you.
You puncture the worker ant!
You kill the worker ant!
* * * LOW HITPOINT WARNING * * *
You feel sick.
You are too berserk!
You feel a strong urge to attack something.
* * * LOW HITPOINT WARNING * * *
You feel sick.
You are no longer berserk.
You pass out from exhaustion.
You feel yourself slow down.
* * * LOW HITPOINT WARNING * * *
You feel sick.
* * * LOW HITPOINT WARNING * * *
You feel sick.
* * * LOW HITPOINT WARNING * * *
You feel sick.
You can move again.
It was a potion of magic.
Magic courses through your body.
You die...

..# ... #.# #.#####..
##########.#...$..
#............#
#.......#..##
#######.##.# #
#....##@##..
#..........# ###
#.....#.####.....
#....(.......#
#...#..#.#####
#...##.#.# #...##.#.#
#######
######...###.....#######
#.......##............


There were no monsters in sight!

Vanquished Creatures
  A worker ant (D:2)
  A worm (D:2)
  A ball python (D:1)
  4 hobgoblins
  4 jackals (D:2)
  5 bats (D:1)
  A frilled lizard (D:2)
  4 goblins (D:1)
  4 kobolds
  4 rats
29 creatures vanquished.

Notes
Turn   | Place    | Note
-------+----------+-------------------------------------------
     0 | D:1      | vurker the Vine Stalker Fighter began the quest for the
                  | Orb.
     0 | D:1      | Reached XP level 1. HP: 11/11 MP: 2/2
   230 | D:1      | Reached XP level 2. HP: 8/16 MP: 3/3
  1287 | D:2      | Reached XP level 3. HP: 15/20 MP: 4/4
  1635 | D:2      | HP: 1/20 [poisoned by a worker ant]
  1636 | D:2      | Succumbed to a worker ant's poison

Levels and vault maps discovered:
D:1:      sevenhm_arrival_forest_fort_large_2, layout_rooms,
          minmay_close_crescents
D:2:      layout_rooms, uniq_terence, uniq_jessica

Skill      XL: |  1  2  3 |
---------------+----------+-----
Short Blades   | 2 |  2.9
Fighting       | 3 |  3.1
Shields        | 3 |  3.1
Armour         | |  2.4

Action                   || total
-------------------------++-------
Melee: Dagger            ||   133
       Bite              ||    34
  Use: Potion            ||     2
  Eat: Chunk             ||     2
Armor: Scale mail        ||    46
       Chain mail        ||     5
Dodge: Dodged            ||    41
Block: Shield            ||    66
